 Dungeon Crawl Stone Soup version 0.31-a0-210-gccc998df9b (webtiles) character file.

Game seed: 13414666458900191005

61 Vbesf the Stinger (level 4, 0/27 HPs)
             Began as an Octopode Venom Mage on June 29, 2023.
             Killed from afar by Robin (8 damage)
             ... with a puff of flame
             ... on level 2 of the Dungeon.
             The game lasted 00:03:15 (1347 turns).

Vbesf the Stinger (Octopode Venom Mage)             Turns: 1347, Time: 00:03:16

Health: 0/27       AC:  1    Str:  7    XL:     4   Next: 7%
Magic:  3/7        EV: 13    Int: 19    God:
Gold:   56         SH:  0    Dex: 12    Spells: 6/7 levels left

rFire   . . .        (no weapon)
rCold   . . .        (no shield)
rNeg    . . .        (helmet restricted)
rPois   .            (no amulet)
rElec   .            (no ring)
rCorr   .            (no ring)
SInv    .            (no ring)
Will    .....        (no ring)
Stlth   +++          (no ring)
HPRegen 0.24/turn    (no ring)
MPRegen 0.10/turn    (no ring)
                     (no ring)

%: no passive effects
@: no status effects
A: almost no armour, amphibious, 8 rings, camouflage 1, gelatinous body 1,
(nimble swimmer 1), tentacles
a: no special abilities


You were on level 2 of the Dungeon.
You visited 1 branch of the dungeon, and saw 3 of its levels.

You collected 56 gold pieces.

Inventory:

Armour
 c - an orb of guile
Scrolls
 b - a scroll of enchant armour {unknown}
 g - a scroll of identify {unknown}
Potions
 a - a potion of magic
 d - a potion of degeneration {unknown}
 e - a potion of attraction {unknown}
 f - a potion of enlightenment {unknown}


   Skills:
 - Level 2.0 Dodging
 - Level 2.6 Stealth
 - Level 2.0 Spellcasting
 - Level 1.0 Transmutations
 + Level 5.8 Poison Magic


You had 6 spell levels left.
You knew the following spells:

 Your Spells              Type           Power      Damage    Failure   Level
a - Sting                 Tmut/Pois      56%        1d5       4%          1

Your spell library contained the following spells:

 Spells                   Type           Power      Damage    Failure   Level
 Poisonous Vapours        Pois/Air       26%        N/A       8%          2
 Olgreb's Toxic Radiance  Pois           24%        N/A       16%         4
 Summon Small Mammal      Summ           4%         N/A       17%         1
 Mephitic Cloud           Conj/Pois/Air  9%         N/A       22%         3
 Call Canine Familiar     Summ           1%         N/A       45%         3
 Summon Guardian Golem    Hex/Summ       1%         N/A       45%         3


Dungeon Overview and Level Annotations

Branches:
Dungeon (3/15)

Altars:

Annotations:
D:2 Natasha, Robin


Innate Abilities, Weirdness & Mutations

You cannot wear most types of armour.
You are amphibious.
You can wear up to eight rings at the same time.
Your skin changes colour to match your surroundings (Stealth+).
Your rubbery body absorbs attacks. (AC +1, EV +1)
((You are camouflaged when in or above water. (Stealth+)))
You have tentacles for arms and can constrict up to eight enemies at once.


Message History

The endoplasm is lightly wounded.
The endoplasm quivers.
You now have 5/6 mp.
The endoplasm hits you.
You take 2 damage, and have 19/21 hp.
You barely miss the endoplasm.
The endoplasm is almost dead.
You kill the endoplasm!
You pick up a book of Callings and begin reading...
You add the spells Summon Small Mammal, Call Canine Familiar and Summon Guardian Golem to your library.
Magic restored.
HP restored.
A rat comes into view.
Health restored: 21; MP restored: 6 A rat is nearby!
A rat is nearby!
A rat is nearby!
The helpless rat fails to defend itself.
You tentacle-slap the rat but do no damage.
You grab the rat. You constrict the rat. The rat bites you but does no damage.
You barely miss the rat. Your squeeze misses the rat.
The rat is moderately wounded.
You constrict the rat. The rat bites you.
You take 1 damage, and have 20/21 hp.
You barely miss the rat.
The rat is severely wounded.
You constrict the rat.
You kill the rat!
No target in view!
g - a scroll labelled XOACEK WOYH Health restored: 21 An adder comes into view.
An adder is nearby!
An adder is nearby!
Aiming: Sting (safe; 4% risk of failure)
Press: ? - help, Q - select action Shift-Dir - straight line, f - adder
Aim: an adder (asleep, 100% to hit)
The sting hits the adder.
The adder is poisoned.
The adder is lightly wounded.
The adder hisses angrily.
You now have 5/6 mp.
Aiming: Sting (safe; 4% risk of failure)
Press: ? - help, Q - select action Shift-Dir - straight line, f/p - adder
Aim: an adder (lightly wounded, poisoned, 53% to hit)
You miscast Sting.
You are very lightly contaminated with residual magic.
Nothing appears to happen.
The adder bites you.
You are poisoned.
The adder poisons you!
You take 2 damage, and have 19/21 hp.
You now have 4/6 mp.
Aiming: Sting (safe; 4% risk of failure)
Press: ? - help, Q - select action Shift-Dir - straight line, f/p - adder
Aim: an adder (moderately wounded, poisoned, 53% to hit)
The sting misses the adder.
You feel sick. The adder misses you.
You take 2 damage, and have 17/21 hp.
You now have 3/6 mp.
You tentacle-slap the adder but do no damage.
Your grab misses the adder.
The adder is moderately wounded.
You feel sick. The adder bites you.
You take 5 damage, and have 12/21 hp.
MASSIVE DAMAGE!!
Aiming: Sting (safe; 4% risk of failure)
Press: ? - help, Q - select action Shift-Dir - straight line, f/p - adder
Aim: an adder (heavily wounded, poisoned, 53% to hit)
The sting hits the adder.
The adder looks even sicker.
The adder is heavily wounded.
You feel sick. The adder bites you.
You are more poisoned.
The adder poisons you!
You take 1 damage, and have 11/21 hp.
You now have 2/6 mp.
Aiming: Sting (safe; 4% risk of failure)
Press: ? - help, Q - select action Shift-Dir - straight line, f/p - adder
Aim: an adder (almost dead, very poisoned, 53% to hit)
The sting hits the adder.
The adder looks even sicker.
You kill the adder!
The goblin shouts!
You feel sick.
You hear a shout! x4
You have reached level 4!
You now have 1/7 mp.
You feel sick.
You take 2 damage, and have 10/27 hp.
You feel sick.
Your magical contamination has completely faded away.
You take 1 damage, and have 9/27 hp.
You feel sick.
You take 1 damage, and have 8/27 hp.
You feel sick.
You feel sick.
You take 1 damage, and have 7/27 hp.
An endoplasm comes into view.
You feel sick.
You are no longer poisoned.
You take 1 damage, and have 6/27 hp.
Robin's horned helmet rattles.
Robin zaps a wand.
The puff of flame misses you.
Robin zaps a wand.
The puff of flame hits you!
You die...

#. .......##..J...###.#
........+......+....
#.....##......##... ......
#......#...... #... ......
#...........# #... ..<..
#...........# #... ...[
#...........# #... #..
#.@.....g...# #... #.#
#.#####.###.# #... ######.#
#.#####..##.# #...
.....†.########........g..####...
###.......................g..g...
.......................#######g#.
............##########.# .......g
###...............# #.##........
#.......#.#####.# #.##...##...


You could see Robin.

Vanquished Creatures
  2 adders
  2 dart slugs
  3 ball pythons (D:1)
  2 bats (D:1)
  5 endoplasms
  2 giant cockroaches (D:1)
  3 hobgoblins (D:1)
  5 jackals (D:1)
  3 quokkas (D:1)
  A frilled lizard (D:2)
  5 goblins
  A rat (D:2)
34 creatures vanquished.

Notes
Turn   | Place    | Note
-------+----------+-------------------------------------------
     0 | D:1      | Vbesf the Octopode Venom Mage began the quest for the Orb.
     0 | D:1      | Reached XP level 1. HP: 11/11 MP: 3/3
    41 | D:1      | Reached skill level 4 in Poison Magic
   100 | D:1      | Reached XP level 2. HP: 15/17 MP: 1/5
   151 | D:1      | Found a faded altar of an unknown god.
   391 | D:1      | Reached XP level 3. HP: 11/21 MP: 1/6
   395 | D:1      | Reached skill level 5 in Poison Magic
  1125 | D:2      | Noticed Natasha
  1184 | D:2      | Noticed Robin
  1334 | D:2      | Reached XP level 4. HP: 12/27 MP: 1/7
  1347 | D:2      | Killed from afar by Robin

Illustrated notes

Levels and vault maps discovered:
D:1:      heliophobic_arrival_battle_scene, layout_basic,
          ebering_ecumenical_altar_sacrificial
D:2:      layout_basic, skrybe_limestone_x, uniq_natasha, uniq_robin,
          uniq_sigmund
D:3:      layout_loops_ring, serial_shops, shop, minmay_misc_feat_more_columns,
          minmay_stone_trees_medium, roderic_serpentine_path

Skill      XL: |  1  2  3 |
---------------+----------+-----
Poison Magic   | 4 5 |  5.8
Dodging        | |  2.0
Stealth        | |  2.6
Spellcasting   | |  2.0
Transmutations | |  1.0

Action                     |  1- 3 |  4- 6 || total
---------------------------+-------+-------++-------
  Melee: Unarmed           |    55 |       ||    55
         Constrict         |    14 |       ||    14
         Tentacles         |     9 |       ||     9
         Punch             |     2 |       ||     2
   Cast: Sting             |    43 |       ||    43
   Stab: Sleeping          |     2 |       ||     2
 Armour: Skin              |     4 |       ||     4
  Dodge: Dodged            |    31 |     1 ||    32

Table legend: (Time is in decaauts)
 A = Elapsed time spent in this place.
 B = Non-inter-level travel time spent in this place.
 C = Inter-level travel time spent in this place.
 D = Time resting spent in this place.
 E = Time spent auto-exploring this place.
 F = Levels seen in this place.
 G = Mean time per level.
                   A        B        C        D        E       F      G
               +--------+--------+--------+--------+--------+-----+--------+
         Total |   1346 |   1309 |     37 |     66 |    963 |   3 |  448.7 |
       Dungeon |   1346 |   1309 |     37 |     66 |    963 |   3 |  448.7 |
               +--------+--------+--------+--------+--------+-----+--------+

Top non-repeatable levels by time:
     D:1: 1027 daAuts
     D:2: 218 daAuts
     D:3: 100 daAuts
